[Event "*** MasterClass Titled Tuesday Blitz"]
[Site "Chess.com"]
[Date "2017.11.07"]
[Round "5"]
[White "PrinceMurad09"]
[Black "FearNoEvil12"]
[Result "1-0"]
[WhiteElo "2251"]
[BlackElo "2018"]
[TimeControl "180+2"]
[EndTime "15:10:10 PST"]
[Termination "PrinceMurad09 won by resignation"]

1. e4 a6 2. d4 b5 3. a4 b4 4. Bd2 e6 5. c3 Bb7 6. Bd3 bxc3 7.
Nxc3 Nf6 8. Qe2 d6 9. Nf3 Nbd7 10. O-O h6 11. d5 e5 12. b4 g5 13. Rab1 Rg8 14.
Ne1 h5 15. Nc2 g4 16. Ne3 h4 17. Nf5 Nh5 18. g3 h3 19. f3 gxf3 20. Qxf3 Nhf6 21. Rf2 Bc8 22. Rbf1 Be7 23. Nh6 Rg6 24. Be2 Nf8 25.
Nf5 Bxf5 26. Qxf5 Qd7 27. b5 a5 28. b6 Qxf5 29. exf5 Rg8 30. bxc7 Kd7 31. Nb5 Nxd5 32.
Bf3 1-0

[Event "*** MasterClass Titled Tuesday Blitz"]
[Site "Chess.com"]
[Date "2017.11.07"]
[Round "5"]
[White "Buffy7"]
[Black "Msb2"]
[Result "0-1"]
[WhiteElo "2489"]
[BlackElo "2649"]
[TimeControl "180+2"]
[EndTime "15:10:34 PST"]
[Termination "Msb2 won by resignation"]

1. c4 e6 2. Nf3 d5 3. g3 dxc4 4. Bg2 a6 5. O-O Nf6 6. Qc2 Bd6 7. Qxc4 b5 8. Qc2 Bb7 9. Nc3 c5 10. a4 Qb6 11. d3 O-O 12. axb5 axb5 13. Rxa8 Bxa8 14.
Be3 Nbd7 15. b4 Ng4 16. Bxc5 Nxc5 17. bxc5 Bxc5 18. e3 Rc8 19. Nxb5 Nxe3 0-1

[Event "*** MasterClass Titled Tuesday Blitz"]
[Site "Chess.com"]
[Date "2017.11.07"]
[Round "5"]
[White "Vamostodorecto"]
[Black "PositionalGenius"]
[Result "0-1"]
[WhiteElo "2291"]
[BlackElo "2419"]
[TimeControl "180+2"]
[EndTime "15:10:50 PST"]
[Termination "PositionalGenius won by resignation"]

1. d4 Nf6 2. c4 e6 3. Nc3 Bb4 4. e3 O-O 5. Bd3 d5 6. Nf3 c5 7. O-O Nc6 8. a3 Bxc3 9. bxc3 dxc4 10. Bxc4 Qc7 11. Ba2 e5 12. h3 Rd8 13. d5 e4 14.
Nh2 Ne5 15. f4 Nd3 16. c4 b5 17. Bd2 bxc4 18. Bxc4 Nxd5 19. Bxd3 exd3 20. e4 Nf6 21. e5 Ne4 22. Rc1 c4 23. Bc3 Qc5+ 24. Rf2 Qxf2+ 0-1

[Event "*** MasterClass Titled Tuesday Blitz"]
[Site "Chess.com"]
[Date "2017.11.07"]
[Round "5"]
[White "pKiLz5Rn9b"]
[Black "zane33"]
[Result "1-0"]
[WhiteElo "2568"]
[BlackElo "1913"]
[TimeControl "180+2"]
[EndTime "15:10:59 PST"]
[Termination "pKiLz5Rn9b won by resignation"]

1. b3 Nf6 2. Bb2 d5 3. Nf3 c5 4.
e3 Nc6 5. d4 e6 6. c4 Be7 7.
Bd3 O-O 8. O-O a6 9. cxd5 exd5 10. dxc5 Bxc5 11. Nbd2 Bg4 12. h3 Bh5 13. a3 Qe7 14.
b4 Bxe3 15. Re1 Bxf2+ 16. Kxf2 Qd6 17. Qb3 Rfe8 18. Rad1 Qc7 19. Bxf6 gxf6 20. Qxd5 Rad8 21. Qxh5 Qb6+ 22. Kf1 Rxe1+ 23. Rxe1 Rxd3 24. Re8+ Kg7 25. Qg4+ Kh6 26. Rg8 Rd5 27. Qf4+ 1-0

[Event "*** MasterClass Titled Tuesday Blitz"]
[Site "Chess.com"]
[Date "2017.11.07"]
[Round "5"]
[White "Rhinos1"]
[Black "LonesomeGeorge1"]
[Result "1-0"]
[WhiteElo "2040"]
[BlackElo "2260"]
[TimeControl "180+2"]
[EndTime "15:11:08 PST"]
[Termination "Rhinos1 won by resignation"]

1. e4 e5 2. Nf3 f5 3. Nxe5 Nc6 4. Nxc6 dxc6 5. exf5 Bxf5 6. Bc4 Nf6 7. O-O Be7 8. d3 Qd6 9. Qf3 Bg6 10. Bf4 Qc5 11.
Nd2 O-O-O 12. b4 Qf5 13. Qe3 Nd5 14. Bxd5 cxd5 15. Bxc7 Rde8 16. Bg3 Bxb4 17. Qxa7 Bxd2 18. Rab1 Bf4 19. Qxb7+ Kd8 20. Bh4+ Bg5 21. Rb6 Re7 22. Qb8+ Qc8 23. Rd6+ Rd7 24. Bxg5+ 1-0

[Event "*** MasterClass Titled Tuesday Blitz"]
[Site "Chess.com"]
[Date "2017.11.07"]
[Round "5"]
[White "Rodalquilar"]
[Black "Aygehovit1992"]
[Result "0-1"]
[WhiteElo "2501"]
[BlackElo "2525"]
[TimeControl "180+2"]
[EndTime "15:11:13 PST"]
[Termination "Aygehovit1992 won by resignation"]

1. e4 c5 2. Nc3 Nc6 3. Bb5 g6 4. Bxc6 bxc6 5. f4 Bg7 6. d3 d5 7.
Nf3 Nf6 8. O-O O-O 9. Qe1 Ba6 10. e5 Ne8 11. b3 Nc7 12. Ba3 Ne6 13. Na4 Bb5 14.
Nxc5 Qb6 15. Qf2 Nxf4 16. Rfe1 a5 17. Nd4 Ne6 18. Ndxe6 fxe6 19. Qe3 Rf5 20. d4 a4 21. Nxe6 Bxe5 22. dxe5 Rf1+ 23. Rxf1 Qxe3+ 24. Kh1 Bxf1 25. Rxf1 axb3 26. Bxe7 bxa2 0-1

[Event "*** MasterClass Titled Tuesday Blitz"]
[Site "Chess.com"]
[Date "2017.11.07"]
[Round "5"]
[White "dretch"]
[Black "wonderfultime"]
[Result "1-0"]
[WhiteElo "2612"]
[BlackElo "2752"]
[TimeControl "180+2"]
[EndTime "15:11:14 PST"]
[Termination "dretch won by resignation"]

1. d4 d5 2. c4 c6 3. Nf3 Nf6 4. Nc3 a6 5. cxd5 cxd5 6. Bf4 Nc6 7. Rc1 e6 8. e3 Bd6 9. Bg3 O-O 10. Bd3 Ne7 11.
Be5 Ng6 12. h4 Ne8 13. Ng5 Nf6 14. Bxf6 gxf6 15. Qh5 fxg5 16. hxg5 Re8 17. Qxh7+ Kf8 18. Bxg6 1-0

[Event "*** MasterClass Titled Tuesday Blitz"]
[Site "Chess.com"]
[Date "2017.11.07"]
[Round "5"]
[White "matej2221"]
[Black "PenguinPacks"]
[Result "1-0"]
[WhiteElo "2059"]
[BlackElo "2168"]
[TimeControl "180+2"]
[EndTime "15:11:44 PST"]
[Termination "matej2221 won by resignation"]

1. e4 e5 2. Nf3 Nc6 3. Bc4 Bc5 4. O-O Nf6 5. d3 h6 6. c3 d6 7. b4 Bb6 8. a4 a5 9. b5 Ne7 10. Bb3 O-O 11. Nbd2 Ng6 12. Nc4 Bc5 13. d4 exd4 14. cxd4 Bb4 15. e5 dxe5 16. dxe5 Qxd1 17. Rxd1 Ne8 18.
Bd2 Be6 19. Bxb4 axb4 20. a5 f6 21. a6 bxa6 22. Rxa6 Rxa6 23. bxa6 fxe5 24. Ncxe5 Bxb3 25. Nxg6 Rxf3 26. a7 Bxd1 27. a8=Q Rf6 28. Qxe8+ Kh7 29. Nf8+ Rxf8 30. Qxf8 Bc2 31. Qxb4 1-0

[Event "*** MasterClass Titled Tuesday Blitz"]
[Site "Chess.com"]
[Date "2017.11.07"]
[Round "5"]
[White "josiwales"]
[Black "Zufi1811"]
[Result "0-1"]
[WhiteElo "2356"]
[BlackElo "2432"]
[TimeControl "180+2"]
[EndTime "15:11:44 PST"]
[Termination "Zufi1811 won by resignation"]

1. e4 d5 2. exd5 Qxd5 3. Nc3 Qd6 4. Nf3 Nf6 5. d4 Bg4 6. Bc4 e6 7. h3 Bxf3 8. Qxf3 c6 9. Be3 Nbd7 10. O-O-O Qc7 11. Bf4 Bd6 12. Bxd6 Qxd6 13. Rhe1 O-O 14.
g4 b5 15. Bb3 a5 16. g5 Nd5 17. Ne4 Qc7 18. Rg1 Kh8 19. Rg4 a4 20. Bxd5 cxd5 21. Rh4 dxe4 22. Qh5 h6 23. Rg1 Rac8 24. c3 a3 25. Rg3 axb2+ 26. Kb1 b4 27. gxh6 g6 28. Qg5 bxc3 0-1

[Event "*** MasterClass Titled Tuesday Blitz"]
[Site "Chess.com"]
[Date "2017.11.07"]
[Round "5"]
[White "Tibmat"]
[Black "Giorno"]
[Result "1-0"]
[WhiteElo "2428"]
[BlackElo "2326"]
[TimeControl "180+2"]
[EndTime "15:12:00 PST"]
[Termination "Tibmat won by resignation"]

1. e4 d6 2. d4 Nf6 3. Nc3 e5 4.
Nf3 Nbd7 5. Bc4 Be7 6. O-O O-O 7. a4 a6 8. a5 h6 9. Re1 Nh7 10. b3 Ng5 11. Nxg5 Bxg5 12. Bb2 exd4 13. Qxd4 Bf6 14.
Qe3 c6 15. Red1 Qe7 16. Qg3 Ne5 17. Bf1 Bg4 18. Rd2 Bh4 19. Qe3 Ng6 20. f4 f5 21. g3 Bf6 22. h3 Bh5 23. Ba3 Bxc3 24. Qxc3 Qxe4 25. Rxd6 Kh7 26. Re1 Qf3 27. Rd3 Nh4 28.
Bxf8 Rxf8 29. Rxf3 Nxf3+ 30. Kf2 Nxe1 31. Kxe1 Re8+ 32.
Kf2 Bg6 33. Bd3 1-0

[Event "*** MasterClass Titled Tuesday Blitz"]
[Site "Chess.com"]
[Date "2017.11.07"]
[Round "5"]
[White "Krasimir_Rusev"]
[Black "oskariot"]
[Result "1-0"]
[WhiteElo "2580"]
[BlackElo "2485"]
[TimeControl "180+2"]
[EndTime "15:12:11 PST"]
[Termination "Krasimir_Rusev won by resignation"]

1. d4 Nf6 2. Nf3 g6 3. Bf4 Bg7 4. e3 d6 5. h3 O-O 6. c3 b6 7. Bd3 Bb7 8. Bh2 Nbd7 9. Nbd2 c5 10. Qe2 Qc7 11. O-O a6 12. a4 Rfe8 13. e4 e5 14.
dxe5 Nxe5 15. Nxe5 dxe5 16. Nc4 Nh5 17. Qc2 Nf4 18.
Rfe1 Rad8 19. Bf1 Bc8 20. Ne3 Qc6 21. Rad1 b5 22. axb5 axb5 23. c4 b4 24. Nd5 Ne6 25. Ra1 Nd4 26. Qa4 Bd7 27. Qxc6 Bxc6 28. Ra5 Nb3 29.
Ra6 Bb7 30. Ra7 Rd7 31. Re3 Nd4 32. Ra5 Ra8 33. Rxc5 Ra1 34. g4 Rd8 35. Kg2 Bh6 36.
Rd3 Rb1 37. Bxe5 Ne6 38. Nf6+ Kf8 39. Rxd8+ Nxd8 40. Rc7 Rxb2 1-0

[Event "*** MasterClass Titled Tuesday Blitz"]
[Site "Chess.com"]
[Date "2017.11.07"]
[Round "5"]
[White "ValeriyGrinev"]
[Black "djogrodek1"]
[Result "1-0"]
[WhiteElo "2437"]
[BlackElo "2340"]
[TimeControl "180+2"]
[EndTime "15:12:11 PST"]
[Termination "ValeriyGrinev won by resignation"]

1. d4 d5 2. c4 c6 3. Nf3 Nf6 4. g3 Bf5 5. Nc3 e6 6. Nh4 dxc4 7. Nxf5 exf5 8. e3 Nbd7 9. Bxc4 Nb6 10. Bd3 Qd7 11.
Qc2 g6 12. O-O h5 13. a4 h4 14. a5 Nbd5 15. a6 b5 16. Nxd5 Nxd5 17. Bd2 Bd6 18. Rfc1 Ne7 19. d5 cxd5 20. Qb3 Rb8 21. Ra5 b4 22. Bf1 O-O 23. Bg2 Rb5 24. Qa4 Rfb8 25.
Bf1 1-0

[Event "*** MasterClass Titled Tuesday Blitz"]
[Site "Chess.com"]
[Date "2017.11.07"]
[Round "5"]
[White "Hikaru"]
[Black "chito89"]
[Result "1-0"]
[WhiteElo "2990"]
[BlackElo "2581"]
[TimeControl "180+2"]
[EndTime "15:12:16 PST"]
[Termination "Hikaru won by resignation"]

1. Nf3 d5 2. b3 Bg4 3. Bb2 Nd7 4. g3 Ngf6 5. Bg2 e6 6. O-O c6 7. h3 Bh5 8. d3 Bc5 9. Nbd2 a5 10. a3 Qe7 11. e3 h6 12. e4 dxe4 13. dxe4 O-O 14.
e5 Nd5 15. Ne4 Bg6 16. Qe2 Rfd8 17. c4 N5b6 18. Rfd1 Bxe4 19. Qxe4 Nf8 20. Bf1 Rxd1 21.
Rxd1 Bxa3 22. Ba1 Bc5 23. Kg2 a4 24. bxa4 Rxa4 25. Bd3 Ra2 26. Bd4 Nbd7 27. Bb1 Ra8 28. Bc3 Bb4 29. Rxd7 Qxd7 30. Bxb4 Qd1 31. Bc2 Qc1 32.
Bd2 Qb2 33. Be3 Rd8 34. h4 Qb4 35. h5 b5 36. c5 Qxe4 37. Bxe4 Rc8 38. Nd4 Nd7 39.
Nxc6 Kf8 40. Na7 Rxc5 41. Bc6 1-0

[Event "*** MasterClass Titled Tuesday Blitz"]
[Site "Chess.com"]
[Date "2017.11.07"]
[Round "5"]
[White "Genghis_K"]
[Black "tango_argentino"]
[Result "1-0"]
[WhiteElo "2646"]
[BlackElo "2485"]
[TimeControl "180+2"]
[EndTime "15:12:27 PST"]
[Termination "Genghis_K won by checkmate"]

1. e4 e6 2. d4 d5 3. Nc3 Nf6 4. Bd3 c5 5. exd5 exd5 6. Nf3 cxd4 7. Nxd4 Bc5 8. Qe2+ Be7 9. O-O O-O 10. Bg5 Nc6 11.
Nxc6 bxc6 12. Rfe1 Be6 13. Qf3 Qd7 14. h3 Rab8 15.
b3 h6 16. Bh4 Rb4 17. Bg3 c5 18. Rad1 Rd8 19. Be5 Qc6 20. Ne2 Rb7 21. Nf4 Qd7 22. Nxe6 fxe6 23. c4 Rb6 24. cxd5 exd5 25. Bf5 Qb7 26.
Qg3 Nh5 27. Qg4 Nf6 28. Qg6 Kf8 29. Bf4 Qc6 30. Rxe7 Kxe7 31. Qxg7+ Ke8 32. Bg6# 1-0

[Event "*** MasterClass Titled Tuesday Blitz"]
[Site "Chess.com"]
[Date "2017.11.07"]
[Round "5"]
[White "tigra"]
[Black "popov_m"]
[Result "1-0"]
[WhiteElo "2644"]
[BlackElo "2482"]
[TimeControl "180+2"]
[EndTime "15:12:30 PST"]
[Termination "tigra won by resignation"]

1. e4 g6 2. d4 Bg7 3. Be3 d6 4. Qd2 a6 5. c4 Nc6 6. Ne2 Nf6 7. f3 O-O 8. Nbc3 Na5 9. b3 b5 10. c5 dxc5 11. e5 Nd7 12. e6 fxe6 13. Ne4 Nc6 14.
Rd1 cxd4 15. Nxd4 Nxd4 16. Bxd4 Ne5 17. Qc3 Qd5 18. Be2 Bb7 19. Qxc7 Rac8 20. Qxe7 Rc2 21.
Bc5 Qc6 22. Rd8 Rxc5 23. Nf6+ 1-0

[Event "*** MasterClass Titled Tuesday Blitz"]
[Site "Chess.com"]
[Date "2017.11.07"]
[Round "5"]
[White "pedromartinez91"]
[Black "kikydu96"]
[Result "0-1"]
[WhiteElo "2317"]
[BlackElo "2401"]
[TimeControl "180+2"]
[EndTime "15:12:49 PST"]
[Termination "kikydu96 won on time"]

1. e4 e5 2. Nf3 Nc6 3. Bb5 Nf6 4. d4 exd4 5. e5 Ne4 6. O-O Be7 7. Nxd4 Nxd4 8.
Qxd4 Nc5 9. Nc3 O-O 10. Qe3 c6 11. Be2 d5 12. exd6 Bxd6 13. Qg5 Qxg5 14. Bxg5 Bf5 15.
Rac1 Rfe8 16. Bf3 Be5 17. Bd2 Rad8 18. Rfd1 h6 19. g4 Bg6 20. b4 Ne6 21. Ne4 Nd4 22.
Bg2 Ne2+ 23. Kf1 Nxc1 0-1

[Event "*** MasterClass Titled Tuesday Blitz"]
[Site "Chess.com"]
[Date "2017.11.07"]
[Round "5"]
[White "viggi38"]
[Black "Jadeit90"]
[Result "1-0"]
[WhiteElo "2226"]
[BlackElo "2300"]
[TimeControl "180+2"]
[EndTime "15:12:57 PST"]
[Termination "viggi38 won by resignation"]

1. e4 g6 2. d4 Bg7 3. Nc3 c5 4. dxc5 Qa5 5. Bd2 Qxc5 6. Nd5 Na6 7. Bxa6 bxa6 8. Bb4 Qc6 9. Ba5 Kf8 10. Bc3 Bxc3+ 11.
Nxc3 Rb8 12. Qd4 Nf6 13. e5 Qxg2 14. exf6 Qxh1 15. fxe7+ Kxe7 16. O-O-O Qxh2 17. Qxh8 Bb7 18. Qd4 Bc6 19. Nge2 Re8 20. Nf4 Qh6 21. Kb1 Kd8 22. Qd6 Qg5 23. Ncd5 Bxd5 24. Nxd5 Qe5 25. Qc5 Qb8 26.
a3 Re6 27. Qa5+ Ke8 28. Nc7+ 1-0

[Event "*** MasterClass Titled Tuesday Blitz"]
[Site "Chess.com"]
[Date "2017.11.07"]
[Round "5"]
[White "bugsbunny444"]
[Black "Maitreia"]
[Result "1-0"]
[WhiteElo "2424"]
[BlackElo "2467"]
[TimeControl "180+2"]
[EndTime "15:13:02 PST"]
[Termination "bugsbunny444 won by resignation"]

1. Nf3 Nf6 2. c4 g6 3. b4 Bg7 4. Bb2 O-O 5. g3 b6 6. Bg2 Bb7 7. O-O c5 8. bxc5 bxc5 9. Nc3 Nc6 10. Rb1 Nd4 11. Nxd4 Bxg2 12. Kxg2 cxd4 13. Nb5 d5 14. c5 e5 15. Qa4 a6 16. Nd6 h5 17. Ba3 h4 18. Rb7 Rb8 19. c6 Rxb7 20. Nxb7 h3+ 21. Kxh3 Qc8+ 22. Kg2 Nh5 23. Qxa6 Nf4+ 24. gxf4 Qg4+ 25.
Kh1 Qxf4 26. Bxf8 Bxf8 27. c7 e4 28. c8=Q d3 29. Qd6 1-0

[Event "*** MasterClass Titled Tuesday Blitz"]
[Site "Chess.com"]
[Date "2017.11.07"]
[Round "5"]
[White "Abdodi"]
[Black "Mistheoretical"]
[Result "0-1"]
[WhiteElo "2129"]
[BlackElo "2308"]
[TimeControl "180+2"]
[EndTime "15:13:07 PST"]
[Termination "Mistheoretical won by resignation"]

1. e4 e6 2. d3 d5 3. Nd2 c5 4. g3 Nc6 5. Bg2 g6 6. f4 Bg7 7. c3 Nge7 8. Ngf3 b6 9. O-O Ba6 10. e5 Bxd3 11. Re1 O-O 12. Nf1 Ba6 13. Ne3 h5 14.
Ng5 Rc8 15. g4 d4 16. cxd4 cxd4 17. Nf1 hxg4 18. Qxg4 Nf5 19. Ng3 Nh6 20. Qh3 Ne7 21. Nxe6 fxe6 22. Qxe6+ Kh7 23. Be4 Nef5 24. Bd2 Bc4 25. Bxf5 Nxf5 26. Nxf5 Bxe6 27. Nxg7 Kxg7 28. Bb4 Rxf4 29. Bd6 Qg5+ 30. Kh1 Bd5+ 0-1

[Event "*** MasterClass Titled Tuesday Blitz"]
[Site "Chess.com"]
[Date "2017.11.07"]
[Round "5"]
[White "Annawel"]
[Black "HarutyunianTigranK"]
[Result "1-0"]
[WhiteElo "2776"]
[BlackElo "2565"]
[TimeControl "180+2"]
[EndTime "15:13:08 PST"]
[Termination "Annawel won by resignation"]

1. Nf3 Nf6 2. b3 d5 3. Bb2 e6 4. g3 Be7 5. Bg2 O-O 6. O-O b6 7. c4 Bb7 8. d4 c5 9. e3 cxd4 10. exd4 Nc6 11. Nbd2 Rc8 12. a3 Qc7 13. Re1 Rfd8 14.
Rc1 dxc4 15. bxc4 Na5 16. Qe2 Re8 17. d5 exd5 18. Bxf6 gxf6 19. Nh4 Bf8 20. Qg4+ Kh8 21. Bxd5 Bxd5 22. cxd5 Rxe1+ 23. Rxe1 Qc3 24. Re3 Qc1+ 25. Kg2 Nb7 26. Ne4 Qc4 27. Rc3 Qxc3 28. Nxc3 Rxc3 29. Qd4 Rc7 30. Qxf6+ Bg7 31. Qg5 h6 32. Qf4 Rd7 33. Nf5 Nc5 34. d6 Ne6 35. Qc4 Kh7 36. Qc6 Nc5 37. h4 Kg6 38. Ne7+ Kh7 39. h5 Be5 40. Nf5 Bb2 41. Qc8 Bg7 42. Ne7 1-0

[Event "*** MasterClass Titled Tuesday Blitz"]
[Site "Chess.com"]
[Date "2017.11.07"]
[Round "5"]
[White "grzechu96"]
[Black "KamilPlichta"]
[Result "0-1"]
[WhiteElo "2426"]
[BlackElo "2566"]
[TimeControl "180+2"]
[EndTime "15:13:16 PST"]
[Termination "KamilPlichta won by checkmate"]

1. e4 g6 2. d4 Bg7 3. Nc3 d6 4. h3 Nf6 5. Be3 c6 6. a4 O-O 7. Nge2 e5 8. d5 cxd5 9. exd5 Nh5 10. g4 Nf4 11. Nxf4 exf4 12. Bxf4 Re8+ 13. Be2 Nd7 14. Qd2 Nc5 15. O-O-O Qa5 16. Bb5 Nxa4 17. Bxa4 b5 18.
Rhe1 Bd7 19. Rxe8+ Rxe8 20. Re1 Rc8 21. Re7 bxa4 22.
Bxd6 Bxc3 23. bxc3 a3 24. Qf4 Be8 25. Qf6 a2 26.
Be5 a1=Q+ 27. Kd2 Qxd5+ 28. Ke2 Qad1+ 29. Ke3 Q1d2# 0-1

[Event "*** MasterClass Titled Tuesday Blitz"]
[Site "Chess.com"]
[Date "2017.11.07"]
[Round "5"]
[White "AllStarShark"]
[Black "AndrewMcStone"]
[Result "0-1"]
[WhiteElo "2267"]
[BlackElo "2086"]
[TimeControl "180+2"]
[EndTime "15:13:19 PST"]
[Termination "AndrewMcStone won by checkmate"]

1. d4 Nf6 2. c4 Nc6 3. Nf3 e6 4.
Nc3 Bb4 5. e3 O-O 6. Bd2 d6 7.
Bd3 e5 8. d5 Ne7 9. e4 Ng6 10.
Qc2 a6 11. h4 Nh5 12. g4 Bxg4 13. Nh2 Qxh4 14. Be2 Bxe2 15. Nxe2 Bxd2+ 16. Kxd2 Qxf2 17. Ng4 Qf3 18. Rag1 Nhf4 19. Nxf4 Qxf4+ 20. Kd3 f5 21. Nf2 fxe4+ 22. Nxe4 Qf3+ 23. Kd2 Rf4 24. Rxh7 Rxe4 25. Rxg6 Re2+ 26. Kd1 Qf1# 0-1

[Event "*** MasterClass Titled Tuesday Blitz"]
[Site "Chess.com"]
[Date "2017.11.07"]
[Round "5"]
[White "ChainsOfFantasia"]
[Black "Taron_Shagbazyan"]
[Result "0-1"]
[WhiteElo "2489"]
[BlackElo "2565"]
[TimeControl "180+2"]
[EndTime "15:13:20 PST"]
[Termination "Taron_Shagbazyan won by resignation"]

1. d4 Nf6 2. c4 e6 3. Nf3 Bb4+ 4.
Nbd2 O-O 5. g3 d6 6. Bg2 c5 7. O-O Nc6 8. Nb3 cxd4 9. Nfxd4 Nxd4 10. Qxd4 e5 11. Qd3 Qc7 12. a3 Bc5 13. Nxc5 dxc5 14. Bg5 Rd8 15. Qc2 Be6 16. Rfd1 Rd4 17. Bxf6 Rxc4 18. Qd2 gxf6 19. b3 Rd4 20. Qh6 Qe7 21.
b4 Rad8 22. Rxd4 cxd4 23. Rc1 Rc8 24. Rxc8+ Bxc8 25. Be4 f5 26. Qc1 Be6 27. Bg2 Kg7 28.
h4 h6 29. Kh2 b6 30. Qc6 e4 31.
Qc2 Qd6 32. Qd2 Qe5 33. f3 e3 34. Qc1 f4 35. g4 Bxg4 36. fxg4 f3+ 37. Kg1 Qg3 38.
exf3 e2 0-1

[Event "*** MasterClass Titled Tuesday Blitz"]
[Site "Chess.com"]
[Date "2017.11.07"]
[Round "5"]
[White "jncool68"]
[Black "GM_dmitrij"]
[Result "1/2-1/2"]
[WhiteElo "2472"]
[BlackElo "2608"]
[TimeControl "180+2"]
[EndTime "15:13:25 PST"]
[Termination "Game drawn by repetition"]

1. e4 e5 2. Nf3 Nc6 3. Bb5 a6 4. Ba4 Nf6 5. O-O Be7 6. Re1 b5 7. Bb3 d6 8. c3 O-O 9. h3 Na5 10. Bc2 c5 11. d4 Nd7 12. Nbd2 exd4 13. cxd4 Nc6 14. d5 Nce5 15. a4 Rb8 16. Nxe5 Nxe5 17. f4 Ng6 18. Nf3 Bh4 19. Rf1 Bg3 20. f5 Ne5 21.
Ng5 h6 22. f6 gxf6 23. Nh7 Kxh7 24. Qh5 f5 25. Qxh6+ Kg8 26. exf5 Qh4 27. Ra3 Qxh6 28. Bxh6 Bh4 29. f6 Re8 30. Rf4 Be1 31. Re3 Bd7 32.
Rxe1 Nf3+ 33. Rxf3 Rxe1+ 34. Kf2 Rbe8 35. Rg3+ Kh8 36. Bg7+ Kg8 37. Bd3 c4 38. Bh6+ Kh8 39. Bg7+ Kg8 40. Bh6+ Kh8 41. Bg7+ Kg8 42. Bh6+ Kh8 43.
Bg7+ Kg8 44. Bh6+ Kh8 45. Bg7+ Kg8 1/2-1/2

[Event "*** MasterClass Titled Tuesday Blitz"]
[Site "Chess.com"]
[Date "2017.11.07"]
[Round "5"]
[White "Swarnapuri"]
[Black "Khamrakulov_Djurabek"]
[Result "1-0"]
[WhiteElo "2516"]
[BlackElo "2618"]
[TimeControl "180+2"]
[EndTime "15:13:26 PST"]
[Termination "Swarnapuri won on time"]

1. d4 Nf6 2. Bf4 d6 3. e3 g6 4.
h3 Bg7 5. Nf3 O-O 6. Be2 c5 7.
c3 cxd4 8. cxd4 Nc6 9. O-O Re8 10. Nc3 Qb6 11. Qd2 e5 12. dxe5 dxe5 13. Bh2 Bf5 14. Bc4 Rad8 15. Qe2 h6 16. Rfd1 Ne4 17. Nxe4 Bxe4 18. Bxf7+ Kxf7 19. Qc4+ Kf8 20. Qxe4 Rxd1+ 21. Rxd1 Rd8 22. Rf1 Qxb2 23. Nh4 g5 24. Nf5 Qxa2 25.
Nxg7 Kxg7 26. Bxe5+ Nxe5 27. Qxe5+ Kg6 28. Qe4+ Kf6 29. Qxb7 Rd6 30. Qh7 Re6 31. Qxh6+ Kf7 32. Qxg5 Rg6 33. Qf5+ Kg7 34. Rd1 Kh6 35. Qf4+ 1-0

[Event "*** MasterClass Titled Tuesday Blitz"]
[Site "Chess.com"]
[Date "2017.11.07"]
[Round "5"]
[White "hansen"]
[Black "NateSolon"]
[Result "1-0"]
[WhiteElo "2569"]
[BlackElo "2378"]
[TimeControl "180+2"]
[EndTime "15:13:36 PST"]
[Termination "hansen won by resignation"]

1. e4 d5 2. exd5 Qxd5 3. Nc3 Qd8 4. Bc4 Nf6 5. d3 Bg4 6. Nge2 e6 7. h3 Bh5 8. g4 Bg6 9. Nf4 Bd6 10. h4 Bxf4 11. Bxf4 h5 12. g5 Ng8 13. Qf3 Nc6 14. O-O-O Nge7 15. d4 O-O 16. d5 exd5 17. Nxd5 Nxd5 18. Bxd5 Qc8 19. Rhe1 Nb4 20. Bxb7 Qf5 21. Be4 Qc5 22. Bxg6 fxg6 23. Qb3+ Kh7 24. Be3 Qa5 25. Bd2 Rab8 26. a3 Rxf2 27. Kb1 Rxd2 28. Rxd2 Na6 29. Qe3 Nc5 30. Rd5 Rb5 31. b4 Na4 32. Rxb5 Qxb5 33. Qd3 Qc6 34. c4 Qg2 35. Qc2 Qg3 36. Re6 Nc3+ 37.
Kb2 Nd1+ 38. Qxd1 Qg2+ 39. Qc2 1-0

[Event "*** MasterClass Titled Tuesday Blitz"]
[Site "Chess.com"]
[Date "2017.11.07"]
[Round "5"]
[White "krzyzan94"]
[Black "danyuffa"]
[Result "1-0"]
[WhiteElo "2599"]
[BlackElo "2632"]
[TimeControl "180+2"]
[EndTime "15:13:46 PST"]
[Termination "krzyzan94 won by resignation"]

1. d4 d5 2. Bf4 Nf6 3. Nf3 c5 4.
e3 Nc6 5. Nc3 Bg4 6. Be2 e6 7. O-O Bd6 8. Bxd6 Qxd6 9. Nb5 Qe7 10. Ne5 Bxe2 11. Qxe2 O-O 12. c3 a6 13. Nxc6 bxc6 14.
Na3 cxd4 15. cxd4 c5 16. dxc5 Qxc5 17. Rfc1 Qb6 18. b3 Rfc8 19. Rc2 Rxc2 20. Qxc2 h5 21.
Rc1 Qb4 22. Qc5 Qd2 23. Qc2 Qb4 24. Qc5 a5 25. Nb5 Ne4 26. Qc6 Rb8 27. Nd4 Qd2 28.
Qc2 Qxc2 29. Rxc2 a4 30. f3 axb3 31. axb3 Nd6 32. Rb2 Nc4 33. Re2 Ne5 34. Rc2 Ra8 35.
Kf2 Ra1 36. Kg3 g5 37. h4 gxh4+ 38. Kxh4 Rh1+ 39. Kg5 Kg7 40. Rc7 Kg8 41. Kf6 Ng6 42. Rxf7 Nf8 43. Rg7+ Kh8 44. Kf7 1-0

[Event "*** MasterClass Titled Tuesday Blitz"]
[Site "Chess.com"]
[Date "2017.11.07"]
[Round "5"]
[White "IamSchrodingersCat"]
[Black "GMKrikor"]
[Result "0-1"]
[WhiteElo "2432"]
[BlackElo "2609"]
[TimeControl "180+2"]
[EndTime "15:13:47 PST"]
[Termination "GMKrikor won by resignation"]

1. e4 c5 2. Nf3 e6 3. d4 cxd4 4. Nxd4 Nc6 5. Nc3 a6 6. Be3 Nf6 7. Qd2 Bb4 8. Bd3 d5 9. Nxc6 bxc6 10. a3 Ba5 11. b4 Bc7 12. exd5 cxd5 13. O-O O-O 14.
Rfe1 Bb7 15. Na4 Qd6 16. f4 d4 17. Bf2 Ng4 18. Nc5 Bc6 19. Bg3 Ne3 20. Be4 Bxe4 21. Nxe4 Qc6 22. Nc5 Rfd8 23. Rac1 a5 24. Nd3 axb4 25.
axb4 Ra2 26. Re2 h6 27. Bh4 Rda8 28. Nc5 Qd5 29. Bg3 Qc4 30. Nd3 Ra1 31. Bf2 Nd5 32. Ne5 Rxc1+ 33. Qxc1 Qxe2 0-1

[Event "*** MasterClass Titled Tuesday Blitz"]
[Site "Chess.com"]
[Date "2017.11.07"]
[Round "5"]
[White "northridgehawk"]
[Black "ChadBiryani"]
[Result "1-0"]
[WhiteElo "1956"]
[BlackElo "2167"]
[TimeControl "180+2"]
[EndTime "15:13:58 PST"]
[Termination "northridgehawk won by resignation"]

1. e4 d5 2. exd5 Qxd5 3. Nf3 Bg4 4. Be2 Nf6 5. h3 Bh5 6. d4 c6 7. O-O e6 8. c4 Qd8 9. Nc3 Bd6 10. Be3 O-O 11. a3 Re8 12. h4 Qc7 13. b4 Nbd7 14.
Qb3 Ng4 15. Ne4 Bf4 16. Bxf4 Qxf4 17. Ng3 Ngf6 18. Rfe1 Bg4 19. Rad1 Nb6 20. a4 Rad8 21. a5 Nc8 22. Qe3 Qd6 23. Qc3 Qc7 24. Ne5 Bxe2 25. Rxe2 Nd7 26. Red2 Ne7 27. h5 Nf6 28. h6 g6 29. Qf3 Nf5 30. Qf4 Qe7 31. Rb1 Qf8 32. Nxf5 exf5 33. b5 c5 34. a6 b6 35. Nc6 Re4 36.
Qc7 Rd7 37. Qb8 Qxb8 38. Nxb8 Rexd4 39. Nxd7 Rxd2 40. Nxf6+ Kf8 41. Re1 Rd8 42. Nxh7+ Kg8 43. Nf6+ Kh8 44. Re7 1-0

[Event "*** MasterClass Titled Tuesday Blitz"]
[Site "Chess.com"]
[Date "2017.11.07"]
[Round "5"]
[White "cheese111"]
[Black "GameOverBro"]
[Result "1-0"]
[WhiteElo "2424"]
[BlackElo "2324"]
[TimeControl "180+2"]
[EndTime "15:13:59 PST"]
[Termination "cheese111 won by checkmate"]

1. e4 d6 2. d4 Nf6 3. Nc3 e5 4. Nge2 Nbd7 5. g3 c6 6. Bg2 b5 7. a3 Bb7 8. O-O a5 9. Be3 Be7 10. h3 O-O 11. g4 b4 12. axb4 axb4 13. Rxa8 Qxa8 14. Nb1 d5 15. Nd2 c5 16. dxe5 Nxe5 17. f4 Nc4 18. Nxc4 dxc4 19. Ng3 Rd8 20. Qf3 b3 21.
cxb3 cxb3 22. g5 Nd7 23. Nf5 Bf8 24. Bd2 Re8 25. Re1 c4 26. Bc3 f6 27. Qg4 Bxe4 28. gxf6 Qa7+ 29. Kh2 Bxf5 30. Bd5+ Be6 31. Bxe6+ Rxe6 32.
Qxe6+ Kh8 33. fxg7+ Bxg7 34. Qe8+ Nf8 35. Qxf8# 1-0